 Dungeon Crawl Stone Soup version 0.22.1-1-ga44c0e5 (webtiles) character file.

426 Jamjie98 the Firebug (level 6, 0/47 HPs)
             Began as a Draconian Fire Elementalist on Sept 30, 2018.
             Succumbed to a worker ant's poison
             ... on level 4 of the Dungeon.
             The game lasted 00:33:55 (4849 turns).

Jamjie98 the Firebug (Draconian Fire Elementalist)  Turns: 4849, Time: 00:33:56

Health: 0/47       AC:  8    Str: 11    XL:     6   Next: 64%
Magic:  1/11       EV: 12    Int: 17    God:
Gold:   205        SH:  0    Dex: 11    Spells: 8/12 levels left

rFire    . . .     SeeInvis .   m - +0 hunting sling
rCold    . . .     Gourm    .   (no shield)
rNeg     . . .     Faith    .   (armour unavailable)
rPois    .         Spirit   .   (helmet restricted)
rElec    .         Reflect  .   z - +1 cloak
rCorr    .         Harm     .   (no gloves)
MR       .....                  (no boots)
Stlth    ++........             (no amulet)
HPRegen  0.15/turn              (no ring)
MPRegen  0.12/turn              (no ring)

@: lethally poisoned (0 -> -8), berserk cooldown, slowed, very slow
A: unfitting armour, blink, wild magic 1, cold-blooded, AC +6
a: Blink


You were on level 4 of the Dungeon.
You were not hungry.

You visited 1 branch of the dungeon, and saw 4 of its levels.

You collected 205 gold pieces.

Inventory:

Hand Weapons
 a - a +0 short sword
 c - a +0 spear
 g - a +0 dagger
 h - a +0 club
 i - a +0 flail
 k - a +0 long sword
 l - a +0 dagger
 m - a +0 hunting sling (weapon)
 n - a +0 club
 q - a +0 club
 r - a +0 club
 s - a +0 hunting sling
 t - a +0 dagger
 u - a +0 mace
 A - a +0 falchion
 D - a +0 battleaxe
Missiles
 d - 50 arrows
 e - 72 stones
 p - 13 sling bullets (quivered)
Armour
 v - a +0 robe
 y - a +0 leather armour
 z - a +1 cloak (worn)
Wands
 x - a wand of iceblast (6)
Scrolls
 j - 4 scrolls of identify
 o - 2 scrolls of fog
 w - a scroll of remove curse
 B - a scroll of immolation
Comestibles
 b - 4 rations
 C - 4 chunks of flesh


   Skills:
 + Level 1.3 Fighting
 + Level 0.4 Long Blades
 + Level 2.6 Slings
 + Level 2.2 Dodging
 + Level 2.3 Stealth
 + Level 3.7 Spellcasting
 + Level 2.3 Conjurations
 + Level 4.5 Fire Magic


You had 8 spell levels left.
You knew the following spells:

 Your Spells              Type           Power        Failure   Level  Hunger
a - Flame Tongue          Conj/Fire      ###..        7%          1    None
b - Inner Flame           Hex/Fire       ##......     26%         3    ###....

Your spell library contained the following spells:

 Spells                   Type           Power        Failure   Level  Hunger
 Throw Flame              Conj/Fire      ###...       10%         2    ##.....
 Conjure Flame            Conj/Fire      ###.....     17%         3    ###....
 Sticky Flame             Conj/Fire      ###.....     45%         4    ####...
 Fireball                 Conj/Fire      ###.......   80%         5    ######.


Dungeon Overview and Level Annotations

Branches:
Dungeon (4/15)
 Temple: D:4-7

Altars:
Fedhas
Kikubaaqudgha
Yredelemnul

Annotations:
D:2 exclusion: oklob plant


Innate Abilities, Weirdness & Mutations

Your plain brown scales are hard. (AC +6)
You cannot fit into any form of body armour.
You are cold-blooded and may be slowed by cold attacks.
You can translocate small distances at will.
Your spells are a little harder to cast, but a little more powerful.


Message History

3 sling bullets; a worker ant corpse
* * * LOW HITPOINT WARNING * * *
You feel sick.
You feel your anger nearly subside.
* * * LOW HITPOINT WARNING * * *
You feel sick.
You see here 4 sling bullets.
There is a lethal amount of poison in your body!
You are no longer berserk.
You are exhausted.
You feel yourself slow down.
* * * LOW HITPOINT WARNING * * *
You feel sick.
* * * LOW HITPOINT WARNING * * *
You feel sick.
* * * LOW HITPOINT WARNING * * *
You feel sick.
* * * LOW HITPOINT WARNING * * *
You feel sick.
You die...

###########.#.# #...
............... #...
#...........# #...
+...........# #...
#...........# ...
#...........# ..
#...........+ #.
#...?.@.....##########.
#..........('..........
#...........##########.
#..........(....... ...
##########+#.#########.
.# .. .# .. .# #.. .#
#+#


There were no monsters in sight!

Vanquished Creatures
  A phantom (D:4)
  A bullfrog (D:4)
  A centaur skeleton (D:4)
  Ijyb (D:3)
  An orc wizard (D:4)
  2 worker ants (D:4)
  A gnoll (D:1)
  4 adders
  2 worms (D:2)
  2 dart slugs
  A leopard gecko (D:2)
  12 orcs
  3 giant cockroaches
  7 hobgoblins
  7 jackals (D:2)
  6 kobolds
  A quokka (D:2)
  4 ball pythons
  7 bats
  6 frilled lizards
  7 goblins
  11 rats
88 creatures vanquished.

Notes
Turn   | Place    | Note
-------+----------+-------------------------------------------
     0 | D:1      | Jamjie98 the Draconian Fire Elementalist began the quest
                  | for the Orb.
     0 | D:1      | Reached XP level 1. HP: 14/14 MP: 3/3
   186 | D:1      | Reached XP level 2. HP: 16/20 MP: 0/5
   783 | D:1      | Reached XP level 3. HP: 23/26 MP: 0/6
   788 | D:1      | Learned a level 3 spell: Inner Flame
  1188 | D:2      | Found an ancient bone altar of Kikubaaqudgha.
  1530 | D:2      | Reached XP level 4. HP: 19/33 MP: 0/8
  2032 | D:2      | Found a blossoming altar of Fedhas.
  2528 | D:2      | Noticed an oklob plant
  3070 | D:3      | Noticed Ijyb
  3125 | D:3      | Killed Ijyb
  3241 | D:3      | Reached skill level 1 in Slings
  3243 | D:3      | Reached XP level 5. HP: 37/38 MP: 4/9
  3332 | D:3      | Found a basalt altar of Yredelemnul.
  4174 | D:4      | Gained mutation: You can translocate small distances at
                  | will. [potion of mutation]
  4174 | D:4      | Gained mutation: Your spells are a little harder to cast,
                  | but a little more powerful. [potion of mutation]
  4229 | D:4      | Reached skill level 4 in Fire Magic
  4496 | D:4      | HP: 1/39 [orc/exploding inner flame[the player character]
                  | (35)]
  4710 | D:4      | Reached skill level 1 in Fighting
  4710 | D:4      | Reached XP level 6. HP: 32/47 MP: 3/11
  4847 | D:4      | HP: 1/47 [poisoned by a worker ant]
  4849 | D:4      | Succumbed to a worker ant's poison

Skill      XL: |  1  2  3  4  5 |
---------------+----------------+-----
Stealth        | 2 |  2.3
Dodging        | 2 |  2.2
Spellcasting   | 3 |  3.7
Slings         | 1 2 |  2.6
Fire Magic     | 4 |  4.5
Conjurations   | 2 |  2.3
Fighting       | 1 |  1.3
Long Blades    | |  0.4

Action                   |  1- 3 |  4- 6 || total
-------------------------+-------+-------++-------
Melee: Short sword       |    20 |       ||    20
       Long sword        |    15 |       ||    15
       Tailslap          |     2 |       ||     2
       Hunting sling     |       |     2 ||     2
 Fire: Hunting sling     |     8 |    76 ||    84
 Cast: Flame Tongue      |    64 |    85 ||   149
       Inner Flame       |       |     1 ||     1
  Use: Scroll            |     3 |     2 ||     5
       Potion            |     1 |     6 ||     7
 Stab: Sleeping          |     1 |       ||     1
  Eat: Chunk             |     3 |     5 ||     8
       Ration            |       |     2 ||     2
Armor: Skin              |    34 |    31 ||    65
Dodge: Dodged            |    60 |    33 ||    93
       Rpst.: Long sword |     8 |       ||     8
